Map: Moondance

Players

NightMare - Winner!

  • Race: Protoss Protoss
  • Spawn Location: 6:00

Geralt (Gerald)

  • Race: Protoss Protoss
  • League: Master
  • Spawn Location: 12:00

Event: HomeStory Cup XXII

VOD

Have the link to the VOD?

Description

Time

  • Played on: Dec. 15, 2022, 11:18 a.m.
  • Length: 7:51

All games in this series

Show
View Real Time Build Order
Export as new Build Order

NightMare Protoss - Winner!

Build Orders:  

Get SALT Encoding   

  12  0:00  Probe  
  13  0:12  Probe  
  14  0:18  Pylon  
  14  0:24  Probe  
  15  0:36  Probe (Chrono Boost)  
  15  0:37  Gateway  
  16  0:45  Probe (Chrono Boost)  
  16  0:47  Assimilator  
  17  0:51  Probe (Chrono Boost)  
  18  0:57  Assimilator  
  18  1:03  Probe (Chrono Boost)  
  19  1:07  Gateway  
  19  1:13  Probe (Chrono Boost)  
  19  1:17  Probe (Chrono Boost)  
  20  1:25  Cybernetics Core  
  21  1:29  Probe  
  22  1:35  Pylon  
  22  1:41  Probe  
  24  2:02  Stalker x2  
  24  2:04  Warp Gate  
  27  2:13  Pylon  
  27  2:27  Pylon  
  27  2:32  Stalker x2  
  31  2:41  Robotics Facility  
  31  3:04  Probe  
  31  3:15  Nexus  
  31  3:16  Twilight Council, Probe  
  32  3:28  Shield Battery, Probe  
  33  3:36  Shield Battery  
  33  3:40  Probe  
  34  3:53  Stalker x2  
  38  3:57  Probe  
  38  4:03  Blink (Chrono Boost)  
  38  4:09  Probe  
  36  4:20  Adept x2  
  36  4:22  Probe  
  39  4:28  Probe  
  40  4:34  Probe  
  41  4:40  Probe  
  41  4:42  Stalker x2  
  46  4:46  Probe  
  46  4:50  Robotics Facility  
  46  4:52  Probe  
  48  4:58  Probe  
  49  5:04  Probe  
  50  5:10  Probe  
  49  5:16  Probe  
  49  5:17  Stalker x2  
  52  5:25  Probe  
  53  5:28  Probe  
  53  5:34  Assimilator  
  53  5:35  Pylon  
  54  5:37  Gateway  
  54  5:39  Gateway  
  54  5:47  Pylon  
  54  5:49  Shield Battery  
  54  5:50  Probe x2  
  52  6:04  Probe x2  
  50  6:08  Stalker x2  
  50  6:10  Observer  
  55  6:14  Pylon  
  53  6:19  Probe x2  
  53  6:21  Gateway  
  55  6:29  Nexus  
  55  6:32  Sentry x2  
  59  6:33  Stalker  
  59  6:38  Warp Prism (Chrono Boost)  
  61  6:43  Pylon  
  63  6:50  Stalker  
  65  6:55  Stalker x2  
  65  6:58  Probe x2  
  65  7:01  Stalker  
  73  7:06  Observer (Chrono Boost)  
  73  7:07  Pylon  
  74  7:14  Probe x2  
  76  7:23  Stalker x3  
  76  7:24  Stalker  
  84  7:30  Pylon  
  84  7:34  Stalker  
  86  7:37  Shield Battery  
  78  7:50  Stalker x3  
Show
View Real Time Build Order
Export as new Build Order

Geralt Protoss 

Build Orders:  

Get SALT Encoding   

  12  0:00  Probe  
  13  0:12  Probe  
  14  0:17  Pylon  
  14  0:24  Probe (Chrono Boost)  
  16  0:37  Probe (Chrono Boost), Gateway  
  16  0:42  Probe (Chrono Boost)  
  16  0:48  Assimilator  
  17  0:52  Probe  
  17  0:55  Assimilator  
  18  1:04  Probe (Chrono Boost)  
  18  1:08  Gateway  
  19  1:13  Probe (Chrono Boost)  
  20  1:18  Probe (Chrono Boost)  
  20  1:24  Cybernetics Core  
  21  1:30  Probe  
  22  1:35  Pylon  
  22  1:44  Probe  
  23  1:56  Probe  
  23  2:00  Stalker x2  
  28  2:05  Warp Gate (Chrono Boost)  
  28  2:10  Probe  
  29  2:16  Pylon x2  
  29  2:23  Probe  
  30  2:34  Adept  
  30  2:35  Adept, Probe  
  35  2:44  Pylon  
  35  3:05  Nexus  
  34  3:15  Shield Battery  
  34  3:24  Robotics Facility  
  34  3:26  Gateway  
  32  3:30  Shield Battery  
  32  3:43  Pylon  
  32  3:46  Stalker  
  34  3:50  Stalker  
  32  4:00  Probe  
  31  4:12  Probe  
  30  4:18  Stalker  
  30  4:20  Sentry  
  36  4:24  Probe  
  36  4:33  Immortal (Chrono Boost)  
  40  4:45  Sentry  
  40  4:46  Sentry  
  40  4:52  Stalker  
  43  4:58  Shield Battery  
  43  5:02  Warp Prism (Chrono Boost)  
  45  5:11  Shield Battery  
  43  5:20  Probe  
  40  5:24  Sentry x2, Stalker  
  38  5:37  Immortal (Chrono Boost)  
  42  5:47  Stalker  
  42  6:08  Adept, Immortal (Chrono Boost)  
  42  6:09  Zealot  
  44  6:14  Probe  
  45  6:21  Probe  
  44  6:26  Probe  
  44  6:27  Adept  
  47  6:33  Probe  
  47  6:37  Warp Prism (Chrono Boost)  
  48  6:48  Adept x2  
  52  6:58  Stalker  
  54  7:01  Pylon  
  54  7:05  Pylon  
  54  7:28  Adept x2  
  54  7:29  Adept  
Tags
 
League
Master
Matchup
PvP
Replay Pack
hsc22
Spawn Locations
Cross Positions
Add a new tag
Caveats
  • Supply blocks, unpowered buildings, or Contaminate may cause inaccurate times.
  • Supply counts are checked every 10 seconds.